 Dungeon Crawl Stone Soup version 0.13-a0-2060-gccfd96d (webtiles) character file.

177 Junicave the Chiller (level 4, -4/30 HPs)
             Began as a Vampire Ice Elementalist on June 26, 2013.
             Slain by a gnoll
             ... wielding a +0,+0 whip
              (7 damage)
             ... on Level 2 of the Dungeon.
             The game lasted 00:07:15 (1558 turns).

Junicave the Chiller (Vampire Ice Elementalist)     Turns: 1558, Time: 00:07:15

HP  -4/30        AC  3     Str  7      XL: 4   Next: 50%
MP   0/8         EV 11     Int 18      God:
Gold 75          SH  0     Dex 14      Spells:  3 memorised,  0 levels left

Res.Fire  : . . .   See Invis. : +   d - +0 short sword
Res.Cold  : . . .   Warding    : .   o - +0 orc leather armour
Life Prot.: . . .   Conserve   : .   (no shield)
Res.Poison: .       Res.Corr.  : .   (no helmet)
Res.Elec. : .       Clarity    : .   (no cloak)
Sust.Abil.: . .     Spirit.Shd : .   (no gloves)
Res.Mut.  : .       Stasis     : .   (no boots)
Res.Rott. : .       Flight     : .   (no amulet)
Saprovore : . . .                    (no ring)
                                     (no ring)

@: regenerating quickly, slightly resistant to hostile enchantments, fairly
stealthy
A: fangs 3, see invisible, unbreathing
a: no special abilities


You were on level 2 of the Dungeon.
You were very full.

You visited 1 branch of the dungeon, and saw 2 of its levels.

You collected 55 gold pieces.

Inventory:

Hand weapons
 d - a +0,+0 short sword (weapon)
 k - a +0,+0 dagger
Missiles
 g - 2 darts (quivered)
 j - 16 poisoned needles
 p - 20 bolts
Armour
 a - a +0 robe
 h - a +0 robe of magic resistance
 o - a +0 orcish leather armour (worn)
Scrolls
 f - a scroll of remove curse {unknown}
 i - 4 scrolls of identify {unknown}
 l - 2 scrolls of noise {unknown}
 n - a scroll of recharging {unknown}
 q - a scroll of random uselessness {unknown}
Potions
 c - a potion of blood
 e - a potion of degeneration {unknown}
 m - a potion of curing {unknown}
Books
 b - a book of Frost

   Spells                             Type                      Level
   *Freeze                            Ice                          1
   *Throw Frost                       Conjuration/Ice              2
   *Ozocubu's Armour                  Charms/Ice                   3
   Throw Icicle                       Conjuration/Ice              4
   Summon Ice Beast                   Ice/Summoning                4
   Condensation Shield                Ice                          4


   Skills:
 * Level 1.3 Fighting
 * Level 0.9 Short Blades
 + Level 2.9 Dodging
 * Level 3.1 Stealth
 + Level 0.2 Traps
 * Level 1.4 Unarmed Combat
 + Level 1.6 Spellcasting
 - Level 0.6 Conjurations
 * Level 3.7 Ice Magic


You couldn't memorise any spells.
You knew the following spells:

 Your Spells              Type           Power        Failure   Level  Hunger
a - Freeze                Ice            ##..         4%          1    #......
b - Throw Frost           Conj/Ice       #.....       12%         2    ###....
c - Ozocubu's Armour      Chrm/Ice       #.........   30%         3    ####...


Dungeon Overview and Level Annotations

Branches:
Dungeon (2/27)

Altars:

Annotations
D:1 exclusion: downstairs
D:2 Sigmund


Innate Abilities, Weirdness & Mutations

Your natural rate of healing is unusually fast.
You have razor-sharp teeth.*
You have supernaturally acute eyesight.
You can survive without breathing.*


Message History

The gnoll hits you with a whip!
* * * LOW HITPOINT WARNING * * *
You barely miss the gnoll. Your bite misses the gnoll.
The gnoll is moderately wounded.
The gnoll hits you but does no damage. The gnoll hits you with a whip.
* * * LOW HITPOINT WARNING * * *
The gnoll throws a spear.
The spear misses you.
You see here a spear.
Your icy armour evaporates.
The gnoll hits you with a whip.
* * * LOW HITPOINT WARNING * * *
Casting: Freeze
Confirm with . or Enter, or press ? or * to list all spells.
Aiming: Freeze
Press: ? - help, Shift-Dir - straight line, f/p - gnoll
Aim: a gnoll, wielding a whip (moderately wounded)
You freeze the gnoll.
The gnoll is heavily wounded.
The gnoll hits you with a whip!
You die...

..#.###.# #.####........#
###..#.#.####.####.###.....
#.......>..........# ######
#...%#)##..[#.##.# #
#.K.#..#...#...#.##(# # .
.....##..#......).# #
#..###.##..#..####..# # ..
#....g#..####..# #
##....@.%......# #####
#.......#.....## ......
.........................
#........##).............
.#......##.....##.######
###<######....# .# # #.
#...## # # #. #...# # #....
#


You could see a gnoll.

Vanquished Creatures
  Ijyb (D:2)
  3 gnolls (D:2)
  2 adders (D:2)
  A giant gecko (D:1)
  2 ball pythons (D:1)
  9 bats
  4 kobolds
  A giant cockroach (D:1)
  4 giant newts
  11 goblins
  2 rats (D:1)
40 creatures vanquished.

Notes
Turn   | Place    | Note
--------------------------------------------------------------
     0 | D:1      | Junicave, the Vampire Ice Elementalist, began the quest for the Orb.
     0 | D:1      | Reached XP level 1. HP: 13/13 MP: 4/4
   578 | D:1      | Reached XP level 2. HP: 17/19 MP: 5/5
   993 | D:2      | Noticed Sigmund
  1023 | D:1      | Learned a level 2 spell: Throw Frost
  1110 | D:2      | Reached XP level 3. HP: 24/24 MP: 3/6
  1138 | D:2      | Reached skill level 1 in Unarmed Combat
  1161 | D:2      | Noticed Ijyb
  1189 | D:2      | Killed Ijyb
  1251 | D:2      | Reached skill level 1 in Fighting
  1340 | D:2      | Reached XP level 4. HP: 30/30 MP: 0/8
  1484 | D:2      | Learned a level 3 spell: Ozocubu's Armour
  1558 | D:2      | Slain by a gnoll

Action                   |  1- 3 |  4- 6 || total
-------------------------+-------+-------++-------
Melee: Unarmed           |     3 |       ||     3
       Short sword       |    61 |    21 ||    82
 Cast: Freeze            |    19 |    12 ||    31
       Throw Frost       |     4 |     2 ||     6
       Ozocubu's Armour  |       |     1 ||     1
 Stab: Sleeping          |     2 |     1 ||     3
